Description

Safe PvZ opener for macro games with quick stargate. Nexus before core.

VOD

https://www.twitch.tv/videos/2751024618?t=03h00m47s

Build Order

Get SALT Encoding   

  14  0:20  Pylon  Low Ground (Sent probe at start to scout, so pylon is a bit slow)
  16  0:43  Gateway  Chrono Probes
  17  0:51  Assimilator  
  20  1:27  Nexus  If Zerg is rushing, obviously don't do this.
  20  1:36  Cybernetics Core  
  21  1:45  Assimilator  
  22  1:54  Pylon  In main base
  23  2:12  Adept  Chrono Adept
  26  2:24  Stargate  In main base
  27  2:32  Adept  Chrono Again
  29  2:38  Warp Gate  
  33  2:53  Adept  
  37  3:04  Pylon  
  39  3:13  Oracle  
Spawning Tool Build Advisor. Get it on Overwolf

Go to:

Details

  • Created by: Woohoojin
  • Published on: Apr 23, 2026
  • Modified on: Apr 23, 2026
  • Patch: 5.0.11
  • Difficulty: Hard
Show
View Real Time Build Order
Export as new Build Order

Comments (0)

There are no comments. Be the first!

Create an account to comment!